 Dungeon Crawl Stone Soup version 0.29-a0-67-g1d65ae1bb4 (webtiles) character file.

Game seed: 18212790018261477219

126 Bosse the Insei (level 4, -4/35 HPs)
             Began as a Draconian Transmuter on Feb 3, 2022.
             Killed from afar by an orc wizard (7 damage)
             ... with a puff of flame
             ... on level 2 of the Dungeon.
             The game lasted 00:03:17 (1716 turns).

Bosse the Insei (Draconian Transmuter)              Turns: 1716, Time: 00:03:18

Health: -4/35      AC:  5    Str: 13    XL:     4   Next: 83%
Magic:  7/8        EV: 12    Int: 13    God:
Gold:   71         SH:  0    Dex: 13    Spells: 8/9 levels left

rFire   . . .      SeeInvis .     - Unarmed
rCold   . . .      Faith    .   (no shield)
rNeg    . . .      Spirit   .   (armour unavailable)
rPois   .          Reflect  .   (helmet currently unavailable)
rElec   .          Harm     .   (no cloak)
rCorr   .          Rampage  .   (no gloves)
Will    .....                   (boots currently unavailable)
Stlth   +.........              (no amulet)
HPRegen 0.11/turn               (no ring)
MPRegen 0.11/turn               (no ring)

@: appendages (expiring)
A: horns 2, talons 2, AC +5, unfitting armour, cold-blooded
a: End Transformation


You were on level 2 of the Dungeon.
You had temporarily grown beastly horns and talons.
You visited 1 branch of the dungeon, and saw 2 of its levels.

You collected 71 gold pieces.

Inventory:

Jewellery
 c - a ring of fire
Scrolls
 a - 2 scrolls of enchant weapon {unknown}
 b - a scroll of magic mapping {unknown}
 d - a scroll of identify {unknown}
 e - a scroll of brand weapon {unknown}
 g - a scroll of noise {unknown}
Potions
 f - a potion of resistance {unknown}


   Skills:
 + Level 1.3 Fighting
 + Level 2.1 Dodging
 + Level 0.4 Stealth
 + Level 3.7 Unarmed Combat
 + Level 3.2 Spellcasting
 + Level 2.9 Transmutations


You had 8 spell levels left.
You knew the following spells:

 Your Spells              Type           Power      Damage    Failure   Level
a - Beastly Appendage     Tmut           18%        N/A       7%          1

Your spell library contained the following spells:

 Spells                   Type           Power      Damage    Failure   Level
 Wereblood                Tmut           9%         N/A       10%         2
 Animate Skeleton         Necr           4%         N/A       22%         1
 Pain                     Necr           8%         1d4       22%         1
 Spider Form              Tmut/Pois      5%         N/A       36%         3
 Vampiric Draining        Necr           2%         2d6       56%         3
 Ice Form                 Ice/Tmut       5%         N/A       77%         4


Dungeon Overview and Level Annotations

Branches:
Dungeon (2/15)

Altars:


Innate Abilities, Weirdness & Mutations

You have temporarily grown beastly horns and talons.
Your plain brown scales are hard. (AC +5)
You cannot fit into any form of body armour.
You are cold-blooded and may be slowed by cold attacks.


Message History

The orc wizard hits you but does no damage.
You closely miss the orc wizard. You headbutt the orc wizard.
The orc wizard is moderately wounded.
The orc closely misses you. The orc barely misses you.
You barely miss the orc wizard. You tail-slap the orc wizard.
The orc wizard is heavily wounded.
The orc wizard barely misses you.
The orc priest mumbles some strange prayers to Beogh against you.
Beogh smites you! The orc closely misses you. The orc hits you with a +0 flail.
You are too injured to fight recklessly!
You are too injured to fight recklessly!
You are too injured to fight recklessly!
You are too injured to fight recklessly!
You are too injured to fight recklessly!
You completely miss the orc. You claw the orc. You tail-slap the orc.
The orc is severely wounded.
The orc wizard barely misses you. The orc barely misses you.
The orc hits you with a +0 hand axe.
* * * LOW HITPOINT WARNING * * *
You hit the orc. Your kick misses the orc.
The orc is almost dead.
Your transformation is almost over.
The orc wizard hits you but does no damage.
The orc priest calls upon Beogh to heal the orc.
The orc's wounds heal themselves!
You hit the orc but do no damage. You claw the orc, but do no damage.
The orc misses you. The orc hits you with a +0 flail!
* * * LOW HITPOINT WARNING * * *
The orc wizard points at you and mumbles some strange words.
The puff of flame hits you but does no damage.
The orc wizard gestures wildly while chanting.
The orc wizard flickers and vanishes!
Deactivating autopickup; reactivate with Ctrl-A.
You hit the orc wizard. You claw the orc wizard.
You headbutt the orc wizard, but do no damage.
The orc wizard is almost dead.
The orc barely misses you. x2
The orc wizard gestures at you while chanting.
The puff of flame hits you!
You die...

#......).# #........#
#........#
#.!......### #..####
#..........# ..#(..
#...o{...#.#####.....
#..ooo...#...........
#@## ##..........
#..# ...........#
##.## #.......... #.#
.##.......÷..
#.##.............
####..####.......###
#...............## #
#.[.............####
#..........†.......#


You could see an orc priest, an orc wizard and 2 orcs.

Vanquished Creatures
  Natasha (thrice) (D:2)
  An adder (D:2)
  3 dart slugs
  4 ball pythons
  5 endoplasms (D:1)
  3 giant cockroaches
  6 goblins
  2 hobgoblins
  3 kobolds
  2 quokkas
  2 bats (D:2)
  A frilled lizard (D:1)
  3 rats
38 creatures vanquished.

Notes
Turn   | Place    | Note
-------+----------+-------------------------------------------
     0 | D:1      | Bosse the Draconian Transmuter began the quest for the Orb.
     0 | D:1      | Reached XP level 1. HP: 16/16 MP: 3/3
   172 | D:1      | Reached XP level 2. HP: 19/23 MP: 3/5
   685 | D:1      | Reached XP level 3. HP: 23/28 MP: 4/6
  1198 | D:2      | Noticed Natasha
  1204 | D:2      | Killed Natasha
  1250 | D:2      | Found a faded altar of an unknown god.
  1328 | D:2      | Reached XP level 4. HP: 35/35 MP: 6/8
  1404 | D:2      | Noticed Natasha
  1421 | D:2      | Killed Natasha
  1516 | D:2      | Noticed Natasha
  1521 | D:2      | Killed Natasha
  1716 | D:2      | Killed from afar by an orc wizard

Illustrated notes

Levels and vault maps discovered:
D:1:      lemuel_arrival_rhombus, layout_loops_cross, st_stairs_1,
          chequers_serial_rivers_micro_d
D:2:      layout_rooms, dreamdust_ecumenical_altar_angels_and_demons,
          uniq_natasha

Skill      XL: |  1  2  3  4 |
---------------+-------------+-----
Dodging        | 2 |  2.1
Spellcasting   | 3 |  3.2
Fighting       | |  1.3
Stealth        | |  0.4
Unarmed Combat | |  3.7
Transmutations | |  2.9

Action                   |  1- 3 |  4- 6 || total
-------------------------+-------+-------++-------
Melee: Unarmed           |    53 |    35 ||    88
       Kick              |    15 |     9 ||    24
       Headbutt          |    11 |     7 ||    18
       Tailslap          |     3 |     5 ||     8
       Punch             |     1 |     1 ||     2
 Cast: Beastly Appendage |    25 |    10 ||    35
 Stab: Sleeping          |     1 |       ||     1
Armor: Skin              |    15 |     9 ||    24
Dodge: Dodged            |    21 |    24 ||    45

Table legend: (Time is in decaauts)
 A = Elapsed time spent in this place.
 B = Non-inter-level travel time spent in this place.
 C = Inter-level travel time spent in this place.
 D = Time resting spent in this place.
 E = Time spent auto-exploring this place.
 F = Levels seen in this place.
 G = Mean time per level.
                   A        B        C        D        E       F      G
               +--------+--------+--------+--------+--------+-----+--------+
         Total |   1719 |   1675 |     44 |     88 |   1346 |   2 |  859.5 |
       Dungeon |   1719 |   1675 |     44 |     88 |   1346 |   2 |  859.5 |
               +--------+--------+--------+--------+--------+-----+--------+

Top non-repeatable levels by time:
     D:1: 1175 daAuts
     D:2: 543 daAuts
